 Dungeon Crawl Stone Soup version 0.32-a0-481-g9ce6b883f8 (webtiles) character file.

Game seed: 3360034746160333006

305 GordonOverkill the Chopper (level 6, 0/48 HPs)
             Began as a Coglin Delver on Feb 26, 2024.
             Slain by Pikel
             ... wielding a +1 whip of freezing
              (3 damage)
             ... on level 4 of the Dungeon.
             The game lasted 00:03:15 (879 turns).

GordonOverkill the Chopper (Coglin Delver)           Turns: 879, Time: 00:03:15

Health: 0/48       AC: 11    Str: 15    XL:     6   Next: 39%
Magic:  6/6        EV: 12    Int:  9    God:
Gold:   33         SH:  0    Dex: 15    Spells: 5/5 levels left

rFire   . . .        h - +2 trident (protect) {Juhanna}
rCold   . . .        a - +0 hand axe {Matsuko}
rNeg    . . .        b - +0 leather armour
rPois   .            o - +0 helmet
rElec   .            (no cloak)
rCorr   .            (no gloves)
SInv    .            (no boots)
Will    .....        (no amulet)
Stlth   ++           (ring unavailable)
HPRegen 0.28/turn    (ring unavailable)
MPRegen 0.10/turn

%: no passive effects
@: under a protective aura, hasted, revved, very quick
A: off-hand wielding, slow wielding, warmup strikes, no rings
a: no special abilities


You were on level 4 of the Dungeon.
You visited 1 branch of the dungeon, and saw 3 of its levels.

You collected 33 gold pieces.

Inventory:

Hand Weapons
 a - a +0 hand axe (offhand) {Matsuko}
 h - a +2 trident of protection (weapon) {Juhanna}
Armour
 b - a +0 leather armour (worn)
 n - a +0 ring mail
 o - a +0 helmet (worn)
Wands
 g - a wand of digging (3)
 l - a wand of charming (13)
 p - a wand of flame (19)
Scrolls
 c - 2 scrolls of fog
 d - a scroll of revelation
 i - a scroll of blinking {unknown}
 j - 2 scrolls of teleportation {unknown}
Potions
 e - 3 potions of curing {unknown}
 f - 2 potions of haste
 k - 2 potions of heal wounds {unknown}
 m - a potion of attraction {unknown}


   Skills:
 - Level 4.0 Fighting
 + Level 6.0 Axes
 - Level 1.7 Dodging
 - Level 4.1 Stealth


You had 5 spell levels left.
You didn't know any spells.
Your spell library was empty.

Dungeon Overview and Level Annotations

Branches:
Dungeon (6/15)
 Temple: D:4-7

Altars:
Vehumet

Annotations:
D:4 Pikel


Innate Abilities, Weirdness & Mutations

You can wield a second weapon in your off-hand.
It takes a long time for you to wield or remove held weapons.
Your first few attacks do less damage.
Your grasper-arms cannot wear rings.


Message History

Pikel hits you with a +1 whip of freezing.
* * * LOW HITPOINT WARNING * * *
Pikel freezes you.
* * * LOW HITPOINT WARNING * * *
You barely miss Pikel with your +2 trident of protection.
Pikel is lightly wounded.
You hit Pikel but do no damage. Pikel hits you but does no damage.
You slash Pikel with your +0 hand axe!
Pikel is lightly wounded.
You barely miss Pikel with your +2 trident of protection.
Pikel hits you with a +1 whip of freezing.
* * * LOW HITPOINT WARNING * * *
Pikel freezes you.
* * * LOW HITPOINT WARNING * * *
You hit Pikel with your +0 hand axe.
Pikel is moderately wounded.
You closely miss Pikel with your +2 trident of protection.
Pikel closely misses you.
You closely miss Pikel with your +0 hand axe.
Pikel is moderately wounded.
You closely miss Pikel with your +2 trident of protection.
Pikel hits you with a +1 whip of freezing.
* * * LOW HITPOINT WARNING * * *
Pikel freezes you.
* * * LOW HITPOINT WARNING * * *
You hit Pikel with your +2 trident of protection.
Your weapon exudes an aura of protection.
Pikel is moderately wounded.
You hit Pikel with your +0 hand axe.
Pikel hits you with a +1 whip of freezing!
* * * LOW HITPOINT WARNING * * *
Pikel freezes you.
* * * LOW HITPOINT WARNING * * *
You feel yourself speed up. Pikel hits you but does no damage.
Pikel attacks as he pursues you!
Pikel hits you with a +1 whip of freezing!
* * * LOW HITPOINT WARNING * * *
Pikel freezes you.
You die...
Pikel says, "See you in Hell!"

..# .## ..# .# #.# .#
#.#### .# #....## .#####
####..##### ##......
##.....############...#####
#####.).....@K.J.'....[...
##############...##..
######### #...# .##.....#
#...# .##.....# #..5#
..#.....# #..5# #.......#
#.J.# ###.....# #########
##.K. # #.....# #.......#
..5.


You could see Pikel and an endoplasm.

Vanquished Creatures
  A phantom (D:4)
  4 lemures (D:4)
  A scorpion (D:6)
  A howler monkey (D:4)
  2 hounds
  Ijyb (D:4)
  Robin (D:4)
  2 adders
  A ribbon worm (D:4)
  An orc (D:5)
  2 endoplasms
  10 goblins (D:4)
  A hobgoblin (D:4)
  A kobold (D:4)
29 creatures vanquished.

Notes
Turn   | Place    | Note
-------+----------+-------------------------------------------
     0 | D:5      | GordonOverkill the Coglin Delver began the quest for the
                  | Orb.
     0 | D:5      | Reached XP level 1. HP: 18/18 MP: 1/1
   117 | D:6      | Noticed a sky beast
   123 | D:5      | Noticed a scorpion
   153 | D:4      | Noticed an iguana
   153 | D:4      | Noticed a howler monkey
   160 | D:5      | Noticed a phantom
   219 | D:5      | Reached XP level 2. HP: 17/24 MP: 2/2
   299 | D:5      | Reached skill level 3 in Axes
   299 | D:5      | Reached XP level 3. HP: 29/29 MP: 3/3
   337 | D:6      | Reached skill level 4 in Axes
   356 | D:6      | Noticed a black bear
   399 | D:6      | Reached XP level 4. HP: 35/35 MP: 4/4
   475 | D:6      | Noticed a scorpion
   479 | D:6      | Found a radiant altar of Vehumet.
   483 | D:6      | Killed a scorpion
   484 | D:6      | Reached skill level 5 in Axes
   484 | D:6      | Reached XP level 5. HP: 32/41 MP: 5/5
   588 | D:4      | Noticed a phantom
   605 | D:4      | Killed a phantom
   628 | D:4      | Noticed Robin
   628 | D:4      | Noticed Ijyb
   639 | D:4      | Reached skill level 6 in Axes
   652 | D:4      | Killed Ijyb
   653 | D:4      | Reached XP level 6. HP: 31/47 MP: 6/6
   665 | D:4      | Killed Robin
   839 | D:4      | Noticed Pikel
   879 | D:4      | Slain by Pikel

Illustrated notes

Levels and vault maps discovered:
D:4:      layout_basic, mainiacjoe_overflow_alcove_4,
          mainiacjoe_overflow_divided_tiny, minmay_temple_entry_stoned_glass,
          st_stairs_4, uniq_robin, uniq_ijyb, uniq_pikel
D:5:      corexii_shantytown, layout_layer_cave,
          nicolae_wu_jian_immortal_techniques, serial_shops,
          nicolae_shop_advertising_works [nicolae_subvault_shop_adworks],
          abandoned_shop
D:6:      layout_basic, vehumet_altar_wand_db, roderic_malta_cross

Skill      XL: |  1  2  3  4  5  6 |
---------------+-------------------+-----
Axes           | 3 4 5 6 |  6.0
Fighting       | 4 |  4.0
Dodging        | |  1.7
Stealth        | |  4.1

Action                     |  1- 3 |  4- 6 || total
---------------------------+-------+-------++-------
  Melee: Hand axe          |    16 |    75 ||    91
         Trident           |    15 |    88 ||   103
    Use: Scroll            |       |     1 ||     1
         Potion            |       |     1 ||     1
   Stab: Sleeping          |     2 |     1 ||     3
 Armour: Leather armour    |    12 |    46 ||    58
  Dodge: Dodged            |    10 |    29 ||    39

Table legend: (Time is in decaauts)
 A = Elapsed time spent in this place.
 B = Non-inter-level travel time spent in this place.
 C = Inter-level travel time spent in this place.
 D = Time resting spent in this place.
 E = Time spent auto-exploring this place.
 F = Levels seen in this place.
 G = Mean time per level.
                   A        B        C        D        E       F      G
               +--------+--------+--------+--------+--------+-----+--------+
         Total |    886 |    886 |      0 |    199 |    197 |   3 |  295.3 |
       Dungeon |    886 |    886 |      0 |    199 |    197 |   3 |  295.3 |
               +--------+--------+--------+--------+--------+-----+--------+

Top non-repeatable levels by time:
     D:4: 352 daAuts
     D:5: 335 daAuts
     D:6: 198 daAuts
